 Dungeon Crawl Stone Soup version 0.22.0-78-g6c94d2c (webtiles) character file.

5042 smcx the Carver (level 10, -3/93 HPs)
             Began as a Minotaur Berserker on Sept 16, 2018.
             Was an Elder of Trog.
             Slain by Snorg (9 damage)
             ... on level 9 of the Dungeon.
             The game lasted 00:41:41 (10474 turns).

smcx the Carver (Minotaur Berserker)               Turns: 10474, Time: 00:41:42

Health: -3/93      AC: 17    Str: 35    XL:     10   Next: 30%
Magic:  9/9        EV: 10    Int:  4    God:    Trog [****..]
Gold:   335        SH:  0    Dex:  9    Spells: 9/9 levels left

rFire    + . .     SeeInvis .   D - +1 long sword "Affolog" {protect, *Contam +Fly rN+++ Str+9}
rCold    . . .     Gourm    +   (no shield)
rNeg     + + +     Faith    .   L - +0 plate armour
rPois    .         Spirit   .   (helmet restricted)
rElec    .         Reflect  .   (no cloak)
rCorr    .         Harm     .   (no gloves)
MR       ++...                  f - +2 pair of boots
Stlth    ..........             B - amulet of the gourmand
HPRegen  1.25/turn              l - ring of fire
MPRegen  0.11/turn              E - ring of protection from cold

@: regenerating
A: retaliatory headbutt, horns 2
a: Berserk, Trog's Hand, Brothers in Arms, Renounce Religion, Evoke Flight


You were on level 9 of the Dungeon.
You worshipped Trog.
Trog was greatly pleased with you.
You were full.

You visited 3 branches of the dungeon, and saw 11 of its levels.

You collected 335 gold pieces.

Inventory:

Hand Weapons
 t - a +0 shortbow of freezing
 D - the +1 long sword "Affolog" (weapon) {protect, *Contam +Fly rN+++ Str+9}
   (You found it on level 6 of the Dungeon)

   It protects the one who uses it against injury (+AC on strike).
   It affects your strength (+9).
   It renders you almost immune to negative energy.
   It lets you fly.
   It causes magical contamination when unequipped.
 I - a cursed -2 trident
Missiles
 C - 49 arrows
Armour
 f - a +2 pair of boots (worn)
 L - a +0 plate armour (worn)
Jewellery
 l - a ring of fire (left hand)
 B - an amulet of the gourmand (around neck)
 E - a ring of protection from cold (right hand)
 H - a +4 ring of protection {unknown}
Wands
 b - a wand of enslavement (12)
 x - a wand of disintegration (14)
 z - a wand of digging (31)
 J - a wand of iceblast (9)
Scrolls
 d - 2 scrolls of fear
 e - 2 scrolls of enchant armour {unknown}
 k - 3 scrolls of teleportation
 m - 2 scrolls of amnesia {unknown}
 o - a scroll of remove curse
 p - a scroll of enchant weapon {unknown}
 s - 2 scrolls of immolation {unknown}
 v - a scroll of magic mapping {unknown}
 y - 2 scrolls of random uselessness {unknown}
 A - a scroll of fog {unknown}
 F - a scroll of noise {unknown}
Potions
 g - a potion of invisibility {unknown}
 h - a potion of degeneration {unknown}
 i - 2 potions of lignification {unknown}
 j - 2 potions of berserk rage {unknown}
 n - 2 potions of brilliance
 r - a potion of heal wounds
 w - 2 potions of flight {unknown}
 G - a potion of agility
Comestibles
 c - 16 rations


   Skills:
 + Level 10.1 Fighting
 * Level 10.4 Long Blades
   Level 6.7 Maces & Flails
 + Level 9.7 Armour
 - Level 3.7 Dodging


You had 9 spell levels left.
You didn't know any spells.
Your spell library was empty.

Dungeon Overview and Level Annotations

Branches:
Dungeon (9/15)             Temple (1/1) D:7             Orc (1/2) D:9
   Lair: D:8-11

Altars:
Ashenzari
Cheibriados
Dithmenos
Elyvilon
Fedhas
Gozag
Hepliaklqana
Kikubaaqudgha
Makhleb
Nemelex Xobeh
Okawaru
Qazlal
Ru
Trog
Uskayaw
Vehumet
Wu Jian
Xom
Yredelemnul
Zin
The Shining One

Shops:
D:5 :   D:9 (}%:

Annotations:
D:3 Blork the orc
D:9 Snorg


Innate Abilities, Weirdness & Mutations

You reflexively headbutt those who attack you in melee.
You have a pair of horns on your head.


Message History

Snorg closely misses you. You furiously retaliate!
You headbutt Snorg.
You riposte.
You hit Snorg. Your headbutt misses Snorg.
Snorg is moderately wounded.
Snorg claws you! Snorg misses you. Snorg bites you! Snorg claws you.
Snorg claws you but does no damage. Snorg bites you!! Snorg claws you!
* * * LOW HITPOINT WARNING * * *
Snorg completely misses you.
You feel much better. Snorg bites you. Snorg barely misses you.
Snorg claws you but does no damage. Snorg closely misses you.
Snorg barely misses you. Snorg claws you!
Your skin crawls.
You feel resistant to hostile enchantments.
You feel somewhat less full. Snorg bites you!
* * * LOW HITPOINT WARNING * * *
Snorg barely misses you. Snorg claws you but does no damage. Snorg bites you!
* * * LOW HITPOINT WARNING * * *
Snorg claws you!
You die...

#.....###############.# #.≈
## #.......#..#.##.......##
#.# .#
#.....#..#.##..#######.# #..
.# #.....##....[.).###..#.#
###
.###.....#.###.#.##...###)##
.........##...##..#.##.....#
.........##.#.#....#.##....#
.........#####..##..).....##
........## #.#.@.#.#..[###
## ........##
##.###T##[[#..# ###.
#<.......# #........>...###
#.#.
########.###..#.##..#####.#
#∩.. #.#..#.##..#...##..##
#.## #.#..##.#.#..##.##..#
#... #.#..#.....#.......##
#... #.##..##.##......###
##)..
#.##.#.#.##.##..######....


You could see Snorg (berserk).

Vanquished Creatures
  A two-headed ogre (D:9)
  Joseph (D:7)
  A hippogriff (D:7)
  A wyvern (D:9)
  3 hungry ghosts (D:9)
  A water moccasin (D:8)
  An ice beast (D:5)
  3 orc warriors
  A black bear (D:8)
  3 phantoms
  A sky beast (D:7)
  4 ogres
  2 centaurs
  A wyvern zombie (D:9)
  2 bullfrogs
  A scorpion (D:9)
  3 troll zombies (D:9)
  7 wights
  4 howler monkeys
  A crimson imp (D:7)
  A quasit (D:9)
  A bullfrog skeleton (D:8)
  A hound (D:9)
  5 jellies
  A bullfrog zombie (D:6)
  A centaur skeleton (D:9)
  4 orc priests
  4 iguanas
  2 orc wizards
  8 worker ants
  3 ogre zombies (D:9)
  A worker ant zombie (D:8)
  13 gnolls
  7 adders
  An adder zombie (D:6)
  3 adder skeletons
  2 worms
  A dart slug (D:3)
  6 leopard geckos
  15 orcs
  5 bats
  8 giant cockroaches
  5 goblins
  4 hobgoblins
  3 jackals (D:4)
  5 quokkas
  A ball python (D:5)
  3 frilled lizards
  A goblin skeleton (D:9)
  3 goblin zombies (D:9)
  2 hobgoblin skeletons (D:9)
  2 hobgoblin zombies (D:9)
  7 kobolds
  3 orc skeletons (D:9)
  8 orc zombies (D:9)
  3 rats
185 creatures vanquished.

Notes
Turn   | Place    | Note
-------+----------+-------------------------------------------
     0 | D:1      | smcx the Minotaur Berserker began the quest for the Orb.
     0 | D:1      | Reached XP level 1. HP: 19/19 MP: 0/0
   682 | D:1      | Reached XP level 2. HP: 27/27 MP: 1/1
  1128 | D:2      | Reached XP level 3. HP: 25/33 MP: 2/2
  1714 | D:2      | Found a white marble altar of Elyvilon.
  2075 | D:3      | Reached XP level 4. HP: 40/40 MP: 3/3
  2174 | D:3      | Reached ** piety under Trog
  3113 | D:3      | Noticed Blork the orc
  3312 | D:4      | Found a snail-covered altar of Cheibriados.
  3330 | D:4      | Reached XP level 5. HP: 47/47 MP: 4/4
  3463 | D:4      | Noticed an angel
  3465 | D:4      | Found a glowing silver altar of Zin.
  3466 | D:4      | Found a shimmering altar of Xom.
  3722 | D:4      | Found a radiant altar of Vehumet.
  3726 | D:4      | Found a hazy altar of Hepliaklqana.
  3729 | D:4      | Found a bloodstained altar of Trog.
  3790 | D:4      | Reached skill level 5 in Fighting
  3790 | D:4      | Reached skill level 5 in Maces & Flails
  3876 | D:5      | Entered Level 5 of the Dungeon
  3934 | D:5      | Noticed a centaur
  3941 | D:5      | Killed a centaur
  3941 | D:5      | Reached XP level 6. HP: 13/56 MP: 5/5
  4265 | D:5      | Found Kamn's Book Emporium.
  4339 | D:5      | Noticed an ice beast
  4360 | D:5      | Killed an ice beast
  4360 | D:5      | Reached skill level 5 in Armour
  4624 | D:5      | Reached XP level 7. HP: 63/63 MP: 6/6
  5087 | D:5      | Found an ornate altar of the Wu Jian Council.
  5121 | D:5      | Found a hazy altar of Hepliaklqana.
  5473 | D:6      | Found a sacrificial altar of Ru.
  6188 | D:6      | Got a crystal long sword
  6189 | D:6      | Identified the cursed +1 long sword "Affolog" {protect,
                  | *Contam +Fly rN+++ Str+9} (You found it on level 6 of the
                  | Dungeon)
  6349 | D:7      | Reached skill level 1 in Long Blades
  6387 | D:7      | Reached XP level 8. HP: 65/73 MP: 7/7
  6462 | D:7      | Reached *** piety under Trog
  6839 | D:7      | Noticed Joseph
  6857 | D:7      | Killed Joseph
  7160 | D:7      | Reached skill level 5 in Long Blades
  7167 | D:7      | Found a staircase to the Ecumenical Temple.
  7194 | D:7      | Noticed a hippogriff
  7202 | D:7      | Killed a hippogriff
  7580 | Temple   | Entered the Ecumenical Temple
  7678 | D:8      | Reached XP level 9. HP: 78/81 MP: 8/8
  7996 | D:8      | Found a sand-covered staircase.
  8141 | D:8      | Found a basalt altar of Yredelemnul.
  8760 | D:8      | Found a stormy altar of Qazlal.
  8964 | D:9      | Found Mulo Laoseext's Antique Weapon Emporium.
  9253 | D:9      | Found a staircase to the Orcish Mines.
  9258 | D:9      | Reached **** piety under Trog
  9467 | D:9      | Reached XP level 10. HP: 70/92 MP: 9/9
  9756 | D:9      | Found Lauffov's Food Boutique.
  9776 | D:9      | Noticed a two-headed ogre
  9783 | D:9      | Killed a two-headed ogre
  9783 | D:9      | Reached skill level 10 in Long Blades
  9955 | D:9      | Found Miuttywn's Book Shoppe.
  9980 | D:9      | Reached skill level 10 in Fighting
 10166 | D:9      | Found Zeforanai's Gadget Boutique.
 10178 | D:9      | Received a gift from Trog
 10462 | Orc:1    | Entered Level 1 of the Orcish Mines
 10462 | Orc:1    | Noticed Snorg
 10474 | D:9      | Slain by Snorg

Skill      XL: |  1  2  3  4  5  6  7  8  9 10 |
---------------+-------------------------------+-----
Fighting       | 4 5 6 7 8 9 10 | 10.1
Maces & Flails | 4 5 6 |  6.7
Armour         | 3 4 5 6 7 9 |  9.7
Dodging        | 3 |  3.7
Long Blades    | 2 6 9 10 | 10.4

Action                   |  1- 3 |  4- 6 |  7- 9 | 10-12 || total
-------------------------+-------+-------+-------+-------++-------
Melee: Mace              |    18 |       |       |       ||    18
       Whip              |    54 |    93 |    36 |       ||   183
       Headbutt          |     8 |    18 |    81 |    15 ||   122
       Long sword        |       |       |   239 |    58 ||   297
Invok: Berserk           |       |       |     1 |     1 ||     2
       Trog's Hand       |       |       |       |     1 ||     1
Evoke: Wand              |       |     1 |       |       ||     1
  Use: Scroll            |       |     4 |     7 |     1 ||    12
       Potion            |       |       |     1 |     1 ||     2
  Eat: Ration            |     1 |       |     2 |       ||     3
       Chunk             |       |    10 |    24 |    12 ||    46
Armor: Animal skin       |     2 |       |       |       ||     2
       Scale mail        |    14 |    12 |       |       ||    26
       Leather armour    |       |    11 |    94 |    12 ||   117
       Plate armour      |       |       |       |     5 ||     5
Dodge: Dodged            |    36 |    33 |   162 |    43 ||   274
       Rpst.: Long sword |       |       |    29 |     9 ||    38
